 Dungeon Crawl Stone Soup version 0.30.1-11-g7821555f0a (webtiles) character file.

Game seed: 2587366164867043178

986 Aphynety the Magician (level 7, -4/36 HPs)
             Began as a Deep Elf Fire Elementalist on Nov 11, 2023.
             Was an Initiate of Fedhas.
             Killed themself with a badly aimed concussive blast (5 damage)
             ... on level 5 of the Dungeon.
             The game lasted 00:21:09 (6128 turns).

Aphynety the Magician (Deep Elf Fire Elementalist)  Turns: 6128, Time: 00:21:10

Health: -4/36      AC:  3    Str:  5    XL:     7   Next: 97%
Magic:  0/18       EV: 14    Int: 22    God:    Fedhas [......]
Gold:   119        SH:  0    Dex: 15    Spells: 14/18 levels left

rFire   . . .        (no weapon)
rCold   . . .        (no shield)
rNeg    . . .        a - +0 robe
rPois   +            (no helmet)
rElec   .            d - +0 cloak
rCorr   .            (no gloves)
SInv    .            (no boots)
Will    .....        (no amulet)
Stlth   +++          u - ring of wizardry
HPRegen 0.26/turn    g - ring of poison resistance
MPRegen 0.16/turn

%: wizardry (x1)
@: no status effects
A: no striking features
a: Renounce Religion


You were on level 5 of the Dungeon.
You worshipped Fedhas.
Fedhas was noncommittal.
You visited 2 branches of the dungeon, and saw 6 of its levels.

You collected 273 gold pieces.
You spent 154 gold pieces at shops.

Inventory:

Missiles
 t - 2 curare-tipped darts
Armour
 a - a +0 robe (worn)
 d - a +0 cloak (worn)
Jewellery
 g - a ring of poison resistance (right hand)
 u - a ring of wizardry (left hand)
Scrolls
 e - 2 scrolls of fear
 f - a scroll of teleportation {unknown}
 k - a scroll of immolation
 l - a scroll of enchant weapon {unknown}
 n - a scroll of blinking {unknown}
 o - a scroll of magic mapping {unknown}
 r - a scroll of amnesia {unknown}
 s - a scroll of noise {unknown}
 v - 3 scrolls of identify
Potions
 b - a potion of magic
 c - a potion of brilliance
 h - 3 potions of curing {unknown}
 i - 2 potions of invisibility
 j - a potion of resistance {unknown}
 m - 3 potions of lignification
 p - 2 potions of heal wounds {unknown}
 q - a potion of mutation


   Skills:
 + Level 5.4 Dodging
 + Level 5.8 Stealth
 + Level 6.1 Spellcasting
 + Level 4.4 Conjurations
 + Level 5.5 Fire Magic


You had 14 spell levels left.
You knew the following spells:

 Your Spells              Type           Power      Damage    Failure   Level
a - Foxfire               Conj/Fire      100%       2x1d9     1%          1
b - Volatile Blastmotes   Fire/Tloc      38%        2d13      3%          3

Your spell library contained the following spells:

 Spells                   Type           Power      Damage    Failure   Level
 Scorch                   Fire           62%        2d7       1%          2
 Sandblast                Erth           12%        2d6       3%          1
 Inner Flame              Hex/Fire       19%        N/A       3%          3
 Stone Arrow              Conj/Erth      32%        3d9       4%          3
 Flame Wave               Conj/Fire      28%        2d9       4%          4
 Passwall                 Tmut/Erth      5%         N/A       6%          2
 Summon Lightning Spire   Summ/Air       6%         N/A       32%         4
 Storm Form               Tmut/Air       3%         N/A       100%        7
 Maxwell's Capacitive Co  Air            3%         ∞         100%        8


Dungeon Overview and Level Annotations

Branches:
Dungeon (5/15)             Temple (1/1) D:4

Altars:
Ashenzari
Dithmenos
Fedhas
Makhleb
Sif Muna
Trog
Uskayaw
Wu Jian
Zin
The Shining One

Shops:
D:3 *   D:5 (


Message History

The ogre hits you with a +0 giant club!!
Ouch! That really hurt!
* * * LOW HITPOINT WARNING * * *
The foxfire hits the ogre but does no damage.
The ogre is severely wounded.
The foxfire hits the ogre!
The ogre is almost dead.
The cloud of blastmotes explodes!
The concussive blast engulfs the ogre!
You kill the ogre!
Fedhas appreciates your contribution to the ecosystem.
The concussive blast engulfs the orc!!
You kill the orc!
Fedhas appreciates your contribution to the ecosystem.
You are too injured to fight recklessly!
Casting: Foxfire (safe; 1% risk of failure)
Confirm with . or Enter, or press ? or * to list all spells.
You don't know that spell.
Casting: Foxfire (safe; 1% risk of failure)
Confirm with . or Enter, or press ? or * to list all spells.
A cloud of volatile blastmotes flares up around you!
Casting: Volatile Blastmotes (dangerous; 3% risk of failure)
Confirm with . or Enter, or press ? or * to list all spells.
A cloud of volatile blastmotes flares up around you!
The ufetubus closely misses you. The ufetubus hits you.
* * * LOW HITPOINT WARNING * * *
The ufetubus hits you.
* * * LOW HITPOINT WARNING * * *
The ufetubus hits you but does no damage.
Casting: Volatile Blastmotes (dangerous; 3% risk of failure)
Confirm with . or Enter, or press ? or * to list all spells.
A cloud of volatile blastmotes flares up around you!
The ufetubus hits you but does no damage. x2
The cloud of blastmotes explodes!
The concussive blast engulfs the ufetubus!!
The ufetubus is burned terribly!
You kill the ufetubus!
Fedhas accepts your kill. The concussive blast engulfs you.
You die...
Fedhas appreciates your contribution to the ecosystem.

#######.# #..#)#.#.#.#.#..##
#....##.# ##..#..)#.#.#...#..##
#.#..P..###..#.#.#.#.#.#.#.#..#
..#.......#.#...#...#)..#...#.#.
...♣..♣.#.+..#.#.#.#.#.#.#.#..'.#
...♣....#.+ ..#.#.#.#.#.#.#...'.#
........# +..#.#.#.#.#.#.#.#..'.
........# #.#...#...#...#...#.#
.......## #..#.#@#.#.#.#.#.#..#
.#....## ..#...#.#.#...#..#
#..#### #..#.#.#.#.#.#..## ..##
##..#..§#...#..## .## ##
##..#.#§#.#..## .# ?.
##..#...#..## .## #.###...)...##
... #...###')'### <.. #5.......#


There were no monsters in sight!

Vanquished Creatures
  Sigmund (D:3)
  An ogre (D:5)
  A centaur (D:5)
  A scorpion (D:4)
  2 hounds
  A quasit (D:5)
  A jelly (D:5)
  Natasha (thrice) (D:3)
  An iguana (D:4)
  A scorpion zombie (D:5)
  An orc wizard (D:5)
  7 gnolls
  10 adders
  A shadow imp (D:5)
  3 white imps (D:5)
  3 ufetubi
  3 worms (D:2)
  4 dart slugs
  11 orcs
  7 bats
  10 endoplasms
  5 giant cockroaches
  7 goblins
  5 hobgoblins
  6 jackals
  6 kobolds
  4 quokkas
  10 ball pythons
  7 frilled lizards
  2 rats (D:1)
125 creatures vanquished.

Vanquished Creatures (collateral kills)
  7 foxfires (D:3)
7 creatures vanquished.

Vanquished Creatures (others)
  644 foxfires
644 creatures vanquished.

Grand Total: 776 creatures vanquished

Notes
Turn   | Place    | Note
-------+----------+-------------------------------------------
     0 | D:1      | Aphynety the Deep Elf Fire Elementalist began the quest for
                  | the Orb.
     0 | D:1      | Reached XP level 1. HP: 10/10 MP: 6/6
   216 | D:1      | Reached XP level 2. HP: 15/15 MP: 2/8
  1008 | D:1      | Reached XP level 3. HP: 17/19 MP: 6/9
  1901 | D:2      | Reached XP level 4. HP: 24/24 MP: 6/11
  1975 | D:2      | Found a shimmering blue altar of Sif Muna.
  2361 | D:2      | Reached skill level 4 in Spellcasting
  2850 | D:3      | Noticed Natasha
  2927 | D:3      | Reached XP level 5. HP: 28/28 MP: 6/13
  2995 | D:3      | Killed Natasha
  3518 | D:3      | Noticed Natasha
  3535 | D:3      | Killed Natasha
  3541 | D:3      | Noticed Natasha
  3555 | D:3      | Killed Natasha
  3556 | D:3      | Reached XP level 6. HP: 3/32 MP: 0/14
  3833 | D:3      | Found Qekhum's General Store.
  3853 | D:3      | Bought a potion of mutation for 88 gold pieces
  3973 | D:3      | Noticed Sigmund
  3977 | D:3      | Killed Sigmund
  3978 | D:3      | Reached skill level 5 in Spellcasting
  4259 | D:3      | Bought 2 potions of lignification for 66 gold pieces
  4423 | D:4      | Noticed a +0 spear
  4423 | D:4      | Noticed a +0 dagger
  4428 | D:4      | Found a hide-covered altar of Uskayaw.
  4428 | D:4      | Noticed a +0 short sword
  4429 | D:4      | Noticed a +0 dagger
  4430 | D:4      | Noticed a +0 falchion
  4430 | D:4      | Noticed a +0 falchion
  4437 | D:4      | Noticed a +0 short sword
  4438 | D:4      | Noticed a +0 spear
  4506 | D:4      | Reached XP level 7. HP: 28/36 MP: 13/16
  4715 | D:4      | Found a blossoming altar of Fedhas.
  4810 | D:4      | Found a staircase to the Ecumenical Temple.
  4867 | D:4      | Reached skill level 5 in Stealth
  4867 | D:4      | Reached skill level 5 in Fire Magic
  5064 | D:4      | Found a shadowy altar of Dithmenos.
  5377 | D:4      | Became a worshipper of Fedhas Madash
  5414 | Temple   | Entered the Ecumenical Temple
  5465 | D:5      | Entered Level 5 of the Dungeon
  5465 | D:5      | Found Mirum's Antique Weapon Emporium.
  5632 | D:5      | Reached skill level 5 in Dodging
  5858 | D:5      | Reached skill level 6 in Spellcasting
  6087 | D:5      | Learned a level 3 spell: Volatile Blastmotes
  6126 | D:5      | HP: 1/36 [ufetubus (2)]
  6128 | D:5      | Killed themself with a badly aimed concussive blast

Illustrated notes

Levels and vault maps discovered:
D:1:      dpeg_arrival_round_a, layout_basic, kennysheep_small_spiral,
          minmay_ruptured
D:2:      layout_basic, basic_altar
D:3:      layout_basic, serial_shops, nicolae_shop_hallway_plus, serial_forest,
          infiniplex_forest_lined_2, infiniplex_forest_diagonal,
          infiniplex_forest_straight_4, infiniplex_forest_clump_double,
          infiniplex_forest_pool, infiniplex_forest_end_1,
          infiniplex_forest_lined_4_way, st_stairs_5, grunt_ministairs_4,
          nicolae_underground_beach, uniq_sigmund, uniq_natasha
D:4:      layout_cave_pods, mainiacjoe_overflow_tiny_flanked,
          mainiacjoe_overflow_boulevard, nicolae_uskayaw_en_pointe,
          minmay_temple_entry_overgrown
D:5:      layout_rooms, nicolae_yredelemnul_corpse_copse, serial_demonic,
          serial_demonic_g, serial_demonic_d, serial_demonic_g,
          serial_demonic_g, serial_demonic_b, serial_demonic_b,
          serial_demonic_g, serial_demonic_b, serial_shops,
          nicolae_stop_n_shop_1, kennysheep_cluttered_room
Temple:   hellmonk_temple_two_chambers

Skill      XL: |  1  2  3  4  5  6  7 |
---------------+----------------------+-----
Stealth        | 3 4 5 |  5.8
Dodging        | 3 4 5 |  5.4
Conjurations   | 2 3 4 |  4.4
Fire Magic     | 4 5 |  5.5
Spellcasting   | 4 5 6 |  6.1

Action                     |  1- 3 |  4- 6 |  7- 9 || total
---------------------------+-------+-------+-------++-------
  Melee: Unarmed           |     2 |     5 |     1 ||     8
         Punch             |       |     1 |       ||     1
   Cast: Foxfire           |   123 |   183 |   103 ||   409
         Volatile Blastmot |       |       |     5 ||     5
    Use: Scroll            |       |     3 |       ||     3
 Armour: Robe              |     1 |     5 |    12 ||    18
  Dodge: Dodged            |     8 |    29 |    22 ||    59
